 Dungeon Crawl Stone Soup version 0.30-a0-956-gcec3b41aec (console) character file.

Game seed: 16735439019117912578

8 petzl the Sneak (level 2, -3/24 HPs)
             Began as a Formicid Delver on Mar 29, 2023.
             Slain by a wyvern (13 damage)
             ... on level 7 of the Dungeon.
             The game lasted 00:01:36 (317 turns).

petzl the Sneak (Formicid Delver)                    Turns: 317, Time: 00:01:37

Health: -3/24      AC:  3    Str: 16    XL:     2   Next: 15%
Magic:  4/4        EV: 12    Int:  9    God:
Gold:   25         SH:  0    Dex: 15    Spells: 4/4 levels left

rFire   . . .      SeeInvis +    a - +0 mace
rCold   . . .      Faith    .    (no shield)
rNeg    . . .      Spirit   .    b - +0 leather armour
rPois   .          Reflect  .    (helmet unavailable)
rElec   .          Rampage  .    (no cloak)
rCorr   .                        (no gloves)
Will    .....                    (no boots)
Stlth   +++                      (no amulet)
HPRegen 0.24/turn                (no ring)
MPRegen 0.09/turn                (no ring)

@: no status effects
A: permanent stasis, dig shafts and tunnels, antennae 3, four strong arms
a: Dig, Shaft Self


You were on level 7 of the Dungeon.
You visited 1 branch of the dungeon, and saw 3 of its levels.

You collected 25 gold pieces.

Inventory:

Hand Weapons
 a - a +0 mace (weapon)
Armour
 b - a +0 leather armour (worn)
Wands
 f - a wand of digging (3)
Scrolls
 c - a scroll of fog
 d - a scroll of magic mapping
 e - a scroll of fear
Potions
 g - a potion of flight {unknown}


   Skills:
 - Level 3.2 Fighting
 - Level 2.0 Maces & Flails
 - Level 1.7 Dodging
 - Level 6.0 Stealth
 + Level 1.6 Spellcasting


You had 4 spell levels left.
You didn't know any spells.
Your spell library was empty.

Dungeon Overview and Level Annotations

Branches:
Dungeon (5/15)
 Temple: D:4-7

Altars:


Innate Abilities, Weirdness & Mutations

You cannot be hasted, slowed, berserked, paralysed or teleported.
You can dig through walls and to a lower floor.
You have a pair of large antennae on your head. (SInv)
Your four strong arms can wield two-handed weapons with a shield.


Message History

You see here a ball python corpse.
Things that are here:
a +0 club; an orc corpse The orc attacks as you move away!
The orc barely misses you.
You hit the orc but do no damage. The orc hits you with a +0 mace!
You barely miss the orc. The orc closely misses you. The orc barely misses you.
You closely miss the orc. The orc closely misses you.
You closely miss the orc. The orc hits you with a +0 mace.
You hit the orc.
You kill the orc!
Unknown command.
Items here: )) [ †.
You start resting.
HP restored.
There is an open door here.
You see here a ball python corpse.
A hound comes into view.
The hound barks!
An orc comes into view.
It is wielding a +0 war axe of electrocution.
The hound closely misses you.
There is an open door here.
You see here a ball python corpse.
Items here: )) [ †.
The hound bites you.
Are you sure you want to shaft yourself?
The hound closely misses you.
You begin to dig a shaft.
You continue digging a shaft.
The hound closely misses you. The hound misses you.
A shaft appears beneath you!
You fall into a shaft and drop 3 floors!
The shaft crumbles and collapses.
Found 7 gold pieces.
A wyvern comes into view.
Found 11 gold pieces.
Are you sure you want to shaft yourself?
The wyvern bites you!
Ouch! That really hurt!
The wyvern bites you!
Ouch! That really hurt!
You die...

## #. ####### .#
#......#.####..
#@....... #l.#.##..
##..#.##. #.
#....$.... #...
#..#####.# #...
#..#####. #...
###........
###...######.......###
..........l..#$###.#
.................#...
............##.#.# ###
.#...#.###.##.#.# #..
#.# #.##.# # #. #.#
#.##.# #.# #.# .# #.#
#.. ..# ###


You could see a wyvern.

Vanquished Creatures
  3 orcs (D:4)
  A ball python (D:4)
  A kobold (D:4)
5 creatures vanquished.

Notes
Turn   | Place    | Note
-------+----------+-------------------------------------------
     0 | D:5      | petzl the Formicid Delver began the quest for the Orb.
     0 | D:5      | Reached XP level 1. HP: 18/18 MP: 1/1
   100 | D:4      | Reached skill level 1 in Spellcasting
   223 | D:4      | Reached XP level 2. HP: 24/24 MP: 4/4
   301 | D:4      | You fall into a shaft and drop 3 floors!
   304 | D:7      | Noticed a wyvern
   317 | D:7      | Slain by a wyvern

Illustrated notes

Levels and vault maps discovered:
D:4:      layout_gridville, cheibriados_altar_1,
          hangedman_decor_clover_reticule, minmay_misc_feat_pillars
D:5:      layout_loops_ring, minmay_temple_entry_water_ring, uniq_prince_ribbit1
D:7:      layout_loops_cross, kennysheep_little_box, kennysheep_cluttered_room,
          chequers_serial_rivers_room_b, minmay_tree_intersection

Skill      XL: |  1 |
---------------+----+-----
Spellcasting   | 1 |  1.6
Fighting       | |  3.2
Maces & Flails | |  2.0
Dodging        | |  1.7
Stealth        | |  6.0

Action                     || total
---------------------------++-------
  Melee: Mace              ||    15
  Throw: Stone             ||     5
Ability: Shaft Self        ||     2
   Stab: Sleeping          ||     1
 Armour: Leather armour    ||     1
  Dodge: Dodged            ||    14

Table legend: (Time is in decaauts)
 A = Elapsed time spent in this place.
 B = Non-inter-level travel time spent in this place.
 C = Inter-level travel time spent in this place.
 D = Time resting spent in this place.
 E = Time spent auto-exploring this place.
 F = Levels seen in this place.
 G = Mean time per level.
                   A        B        C        D        E       F      G
               +--------+--------+--------+--------+--------+-----+--------+
         Total |    321 |    321 |      0 |    146 |     56 |   3 |  107.0 |
       Dungeon |    321 |    321 |      0 |    146 |     56 |   3 |  107.0 |
               +--------+--------+--------+--------+--------+-----+--------+

Top non-repeatable levels by time:
     D:4: 294 daAuts
     D:7: 15 daAuts
     D:5: 11 daAuts
